Cogmind - Beta 13 @@@ ROGUE MODE // 2024.04.18 @ 16:08:44 Player: AntinDisguise Result: Destroyed by P-60 Hacker with Shock Rifle Performance ------------- Evolutions (0) 0 Regions Visited (4) 800 Robots Destroyed (24) 120 Value Destroyed (457) 457 Prototype IDs (0) 0 Alien Tech Used (0) 0 Bonus (0) 0 TOTAL SCORE: 1377 Bonus ------- None Cogmind --------- Core Integrity 0/250 Matter 300/300 Energy 170/170 System Corruption 1% Temperature Cool (0) Movement Treading (320) Ox2 Location -9/Recycling Parts ------- > --- POWER (1) -------- Makeshift Power Source > --- PROPULSION (2) --- Light Treads Light Treads > --- UTILITY (2) ------ Huge Storage Unit ECM Suite > --- WEAPON (2) ------- Riot Gun Shotgun > --- INVENTORY (25) --- Makeshift Power Source Improved Treads Scrap Engine High-capacity Storage Unit Bomb Drone Bay Signal Generator Peak State ------------ > --- POWER ------------ Makeshift Power Source > --- PROPULSION ------- Light Treads Light Treads > --- UTILITY ---------- Huge Storage Unit ECM Suite > --- WEAPON ----------- Riot Gun Shotgun > --- INVENTORY -------- Makeshift Power Source Improved Treads Scrap Engine High-capacity Storage Unit Bomb Drone Bay Grenade Launcher Signal Generator [Rating: 17] Favorites ----------- Power Improved Ion Engine Engine Improved Ion Engine Power Core Light Nuclear Core Propulsion Light Treads Treads Light Treads Wheel Compact Wheel Utility High-capacity Storage Unit Device Structural Scanner Storage High-capacity Storage Unit Weapon Riot Gun Energy Gun Riot Gun Ballistic Gun Heavy Assault Rifle Launcher Grenade Launcher Build | -11 -10 -10 -10 -9 ------- Run | Yrd Mat Min Sub Rec Slots Evolved . | . . . . . Power . | . . . . . Propulsion . | . . . . . Utility . | . . . . . Weapon . | . . . . . Parts Attached 34 | 6 6 3 16 3 Power 5 | 1 . 1 3 . Engine 4 | 1 . 1 2 . Core 1 | . . . 1 . Reactor . | . . . . . Propulsion 7 | 2 1 . 3 1 Treads 4 | . . . 3 1 Leg . | . . . . . Wheel 3 | 2 1 . . . Hover . | . . . . . Flight . | . . . . . Utility 7 | 1 3 . 2 1 Device 4 | . 2 . 2 . Storage 3 | 1 1 . . 1 Processor . | . . . . . Hackware . | . . . . . Protection . | . . . . . Artifact . | . . . . . Weapon 15 | 2 2 2 8 1 Energy Gun 7 | 2 1 1 3 . Energy Cannon . | . . . . . Ballistic Gun 7 | . . 1 5 1 Ballistic Cannon . | . . . . . Launcher 1 | . 1 . . . Special Weapon . | . . . . . Impact Weapon . | . . . . . Slashing Weapon . | . . . . . Piercing Weapon . | . . . . . Special Melee Weapon . | . . . . . Unidentified Prototypes . | . . . . . Parts Lost 8 | . . . 8 . Power 1 | . . . 1 . Propulsion 3 | . . . 3 . Utility 1 | . . . 1 . Weapon 3 | . . . 3 . Highest Loss Streak 4 | . . . 4 . To Critical Strikes . | . . . . . Average Slot Usage (%) 91 | . 95 100 86 87 Engine 13 | . 14 14 12 14 Treads 14 | . . . 22 25 Wheel 10 | . 27 28 1 . Device 11 | . 9 14 10 14 Storage 14 | . 14 14 14 14 Energy Gun 13 | . 23 14 11 14 Ballistic Gun 11 | . . 13 13 4 Naked Turns . | . . . . . Heaviest Build 92 | 13 52 54 54 92 Greatest Support 40 | 26 32 32 40 40 Greatest Overweight (x) 3 | . 3 1 3 2 Average Overweight (x) 1 | . . 1 1 1 Largest Inventory Capacity 25 | 8 20 20 20 25 Average Capacity 19 | 7 16 20 20 23 Most Carried 17 | 4 7 12 17 10 Average Carried 8 | 2 5 10 8 7 Final Capacity 25 | 8 20 20 20 25 Final Carried 12 | 3 6 12 5 8 Class Distribution -------------------- 91% | Mutant 8% | Scavenger-Mutant Dominant Class ---------------- Mutant | -10/Materials Mutant | -10/Mines Mutant | -10/Subcaves Mutant | -9/Recycling Resources | -11 -10 -10 -10 -9 ----------- Run | Yrd Mat Min Sub Rec Matter Collected 736 | 208 50 126 294 58 Remotely . | . . . . . Salvage Created 782 | . 63 115 360 244 Parts 45 | . 8 11 21 5 Haulers Intercepted . | . . . . . Recyclers Shooed 3 | . . . . 3 Parts Field Recycled . | . . . . . Retrieved Matter . | . . . . . Parts Self-Destructed 21 | . . . 21 . Prevented . | . . . . . Kills | -11 -10 -10 -10 -9 ------- Run | Yrd Mat Min Sub Rec Combat Hostiles Destroyed 19 | . 3 6 10 . Guns 17 | . 3 6 8 . AOE 2 | . . . 2 . Classes Destroyed 7 | . 2 1 3 1 Recycler 2 | . . . . 2 Turret 2 | . . . 2 . Watcher 1 | . 1 . . . Swarmer 13 | . 3 5 5 . Grunt 1 | . . 1 . . Sentry 1 | . . . 1 . Subdweller 4 | . . . 4 . Best Kill Streak 3 | . 3 3 2 2 Combat Bots Only 3 | . 3 3 2 . Max Kills in Single Turn 2 | . 2 1 2 1 Gunslinging 1 | . 1 . . . Exploded 2 | . . . 2 . Melee . | . . . . . Uniques/NPCs Destroyed . | . . . . . Combat | -11 -10 -10 -10 -9 -------- Run | Yrd Mat Min Sub Rec Hostile Shots Fired 185 | . 7 14 158 6 Missed 61 | . 3 4 53 1 Damage Taken 1348 | . 71 75 1124 78 Core 260 | . 21 26 182 31 Absorbed by Shields . | . . . . . Core Remaining (%) 100 | 100 . . . . Volleys Fired 72 | . 7 10 48 7 Largest 2 | . 2 2 2 2 Hottest 100 | . 80 80 100 73 Shots Fired 129 | . 14 20 81 14 Gun 128 | . 13 20 81 14 Cannon . | . . . . . Launcher 1 | . 1 . . . Special . | . . . . . Kinetic 62 | . . 8 47 7 Thermal 25 | . 6 10 9 . Explosive 1 | . 1 . . . Electromagnetic 41 | . 7 2 25 7 Robot Hit Streak 13 | . 2 4 13 4 Robot Miss Streak 4 | . 3 2 4 3 Penetration Max . | . . . . . Secondary Targets 3 | . 1 1 1 . Max Gunslinging Chain 1 | . 1 1 1 . Shots Hit Robots 86 | . 6 11 59 10 Core Hits 37 | . 4 8 20 5 Critical Kills . | . . . . . Critical Parts Destroyed . | . . . . . Critical Strikes 3 | . . 1 2 . Burn 2 | . . 1 1 . Destroy 1 | . . . 1 . Melee Attacks . | . . . . . Impact . | . . . . . Slashing . | . . . . . Piercing . | . . . . . Sneak Attacks . | . . . . . Combat Hostiles . | . . . . . Follow-up Attacks . | . . . . . Damage Inflicted 1519 | . 121 154 1064 180 Guns 1420 | . 77 154 1009 180 Cannons . | . . . . . Explosions 99 | . 44 . 55 . Melee . | . . . . . Ramming . | . . . . . Kinetic 697 | . . 65 544 88 Thermal 323 | . 89 79 155 . Explosive . | . . . . . Electromagnetic 499 | . 32 10 365 92 Impact . | . . . . . Slashing . | . . . . . Piercing . | . . . . . Highest Corruption 1 | . . . . 1 Average Corruption 1 | . . . . 1 Corruption Purged . | . . . . . Corruption Blocked . | . . . . . Overload Shots . | . . . . . Overflow Damage . | . . . . . Projectiles . | . . . . . Explosions . | . . . . . Melee . | . . . . . Knockbacks . | . . . . . Impact . | . . . . . Kinetic . | . . . . . Secondary . | . . . . . Self-Inflicted Damage 34 | . 34 . . . Shots 1 | . 1 . . . Rammed . | . . . . . Targets Rammed . | . . . . . Kicked . | . . . . . Crushed . | . . . . . Highest Temperature 81 | . 36 63 78 81 Average Temperature 26 | . 15 24 33 33 Received Heat Transfer 384 | . 12 . 372 . Siege Activations . | . . . . . Robots Corrupted 2 | . . . 2 . Combat Hostiles . | . . . . . Parts Fried 2 | . . . 2 . Impact Corruptions . | . . . . . Robots Melted . | . . . . . Combat Hostiles . | . . . . . Parts Melted . | . . . . . Heat Transferred 805 | . 100 272 433 . Parts Sabotaged . | . . . . . Parts Stolen . | . . . . . Parts Stripped . | . . . . . Power Chain Reactions 2 | . 1 . 1 . Alert | -11 -10 -10 -10 -9 ------- Run | Yrd Mat Min Sub Rec Peak Influence 127 | . 127 115 . 43 Initial 49 | . . 49 . 28 Average 48 | . 35 59 . 28 Maximum Alert Level . | . . . . . Low Security (%) 100 | 100 100 100 . 100 Level 1 . | . . . . . Level 2 . | . . . . . Level 3 . | . . . . . Level 4 . | . . . . . Level 5 . | . . . . . High Security . | . . . . . Max Security . | . . . . . Squads Dispatched 2 | . 2 . . . Investigation 1 | . 1 . . . Extermination . | . . . . . Reinforcement 1 | . 1 . . . Assault . | . . . . . Garrison . | . . . . . Intercept . | . . . . . Searches Triggered . | . . . . . Construction Impeded . | . . . . . Haulers Reinforced . | . . . . . Active Scanning Responses . | . . . . . Cargo Convoy Interrupts . | . . . . . Stealth | -11 -10 -10 -10 -9 --------- Run | Yrd Mat Min Sub Rec Distress Signals 1 | . . . . 1 Communications Jammed . | . . . . . Distress Signals . | . . . . . Times Spotted 74 | . 7 12 54 1 Peak Tracking Total 6 | . 3 3 6 1 Tactical Retreats 5 | . . 2 3 . Traps | -11 -10 -10 -10 -9 ------- Run | Yrd Mat Min Sub Rec Traps Triggered . | . . . . . Indirectly . | . . . . . Trap Hack Attempts . | . . . . . Triggered . | . . . . . Disarmed . | . . . . . Reprogrammed . | . . . . . Reused . | . . . . . Traps Extracted . | . . . . . Installed . | . . . . . Triggered . | . . . . . Machines | -11 -10 -10 -10 -9 ---------- Run | Yrd Mat Min Sub Rec Machines Disabled 4 | . 1 . 3 . Max in Single Turn 2 | . 1 . 2 . Machines Repaired . | . . . . . Machines Dismantled . | . . . . . Machines Sabotaged . | . . . . . Overloaded Fab Kills . | . . . . . Hacking | -11 -10 -10 -10 -9 --------- Run | Yrd Mat Min Sub Rec Machines Accessed 4 | . 3 1 . . Terminals 3 | . 3 . . . Fabricators . | . . . . . Repair Stations . | . . . . . Recycling Units . | . . . . . Scanalyzers . | . . . . . Garrison Access . | . . . . . Total Hacks 6 | . 5 1 . . Successful 4 | . 3 1 . . Failed 2 | . 2 . . . Catastrophic . | . . . . . Database Lockouts . | . . . . . Manual . | . . . . . Terminals 5 | . 5 . . . Fabricators . | . . . . . Repair Stations . | . . . . . Recycling Units . | . . . . . Scanalyzers . | . . . . . Garrison Access . | . . . . . Terminal Hacks 4 | . 3 1 . . Open Door 1 | . . 1 . . Zone Layout 3 | . 3 . . . Fabricator Hacks . | . . . . . Repair Station Hacks . | . . . . . Recycling Unit Hacks . | . . . . . Scanalyzer . | . . . . . Garrison Access Hacks . | . . . . . Unauthorized Hacks . | . . . . . Terminals . | . . . . . Fabricators . | . . . . . Repair Stations . | . . . . . Recycling Units . | . . . . . Scanalyzers . | . . . . . Garrison Access . | . . . . . Data Cores Recovered . | . . . . . Used . | . . . . . Hacking Detections 2 | . 2 . . . Full Trace Events 1 | . 1 . . . Feedback Events . | . . . . . Feedback Blocked . | . . . . . Robot Schematics Acquired . | . . . . . Robots Built . | . . . . . Authchips . | . . . . . Time . | . . . . . Total Robot Build Rating . | . . . . . Part Schematics Acquired . | . . . . . Parts Built . | . . . . . Authchips . | . . . . . Time . | . . . . . Total Part Build Rating . | . . . . . Parts Repaired . | . . . . . Time . | . . . . . Parts Recycled . | . . . . . Recycled Matter . | . . . . . Retrieved Matter . | . . . . . Retrieved Components . | . . . . . Parts Scanalyzed . | . . . . . Part Schematics Acquired . | . . . . . Parts Damaged . | . . . . . Bothacking | -11 -10 -10 -10 -9 ------------ Run | Yrd Mat Min Sub Rec Used RIF Installer . | . . . . . Robots Hacked . | . . . . . Non-combat . | . . . . . Combat . | . . . . . Robot Hacks Applied . | . . . . . Relay Couplers Released . | . . . . . Fabnet Peak Effective % . | . . . . . Robots Rewired . | . . . . . Allies Hacked . | . . . . . Hacks Repelled . | . . . . . Allies | -11 -10 -10 -10 -9 -------- Run | Yrd Mat Min Sub Rec Total Allies . | . . . . . Largest Group . | . . . . . Highest-Rated Group . | . . . . . Highest-Rated Ally . | . . . . . Total Orders . | . . . . . Ally Attacks . | . . . . . Total Damage . | . . . . . Kills . | . . . . . Allies Corrupted . | . . . . . Allies Melted . | . . . . . Intel | -11 -10 -10 -10 -9 ------- Run | Yrd Mat Min Sub Rec Robot Analysis Total . | . . . . . Derelict Logs Recovered 2 | . . 2 . . Drone Launches . | . . . . . Drone Recoveries . | . . . . . Exploration | -11 -10 -10 -10 -9 ------------- Run | Yrd Mat Min Sub Rec Turns Passed 4596 | 80 352 1292 2523 349 Spaces Moved 2261 | 77 281 861 938 104 Core 9 | 9 . . . . Treads 972 | . . . 868 104 Legs . | . . . . . Wheels 1280 | 68 281 861 70 . Hover . | . . . . . Flight . | . . . . . Fastest Speed 50 | 50 90 115 115 240 Average Speed 178 | 85 105 115 251 306 Slowest Speed 320 | 90 145 115 320 320 Overloaded Moves . | . . . . . Propulsion Burnouts . | . . . . . Robots Hopped . | . . . . . Cave-ins Triggered . | . . . . . Exploration Rate (%) 41 | 5 42 100 43 15 Regions Visited 4 Branch Regions 3 Pre-discovered Areas 1 | . . 1 . . Known Exits Taken . | . . . . . Unknown Exits Taken 4 | 1 1 1 1 . Scrap Searched 5 | . . 2 3 . Spaces Dug 12 | . 12 . . . Terrain Destroyed 18 | . 14 . 4 . Melee . | . . . . . Projectile . | . . . . . AOE 18 | . 14 . 4 . Terrain Rammed . | . . . . . Walls Destroyed . | . . . . . Machines Disabled . | . . . . . Actions | -11 -10 -10 -10 -9 --------- Run | Yrd Mat Min Sub Rec Total 2710 | 91 321 1143 1035 120 Wait 287 | . 20 259 8 . Move 2257 | 76 280 860 937 104 Hop . | . . . . . Pick Up 40 | 9 6 8 12 5 Fast Attach . | . . . . . Attach 27 | 6 3 1 15 2 Detach 1 | . . . 1 . Swap 7 | . 3 2 1 1 Drop 19 | . 2 3 13 1 Fire 72 | . 7 10 48 7 Melee . | . . . . . Ram . | . . . . . Kick . | . . . . . Crush . | . . . . . Escape Stasis . | . . . . . Rewire . | . . . . . Trap . | . . . . . Miscellaneous . | . . . . . Route ------- -11/Scrapyard -10/Materials (discovered 2 exits: *Min x2) -10/Mines (discovered 3 exits: [*Mat x2] / [*Sub]) -10/Subcaves (discovered 2 exits: [*Mat] / [*Rec]) -9/Recycling History --------- Turn | Location | Event 2 | -11/Scrapyard | Met Revision 17 7 | -11/Scrapyard | Discovered new exit (range 15) 81 | -11/Scrapyard | Entered Materials 303 | -10/Materials | Build established: Mutant 317 | -10/Materials | Discovered new exit (range 6) 357 | -10/Materials | Discovered new exit (range 14) 433 | -10/Materials | Entered Mines 470 | -10/Mines | Joined a pair of Derelicts in attacking an 0b10 outpost 658 | -10/Mines | Found the Drone Emporium 663 | -10/Mines | Found Prototype Device 1080 | -10/Mines | Discovered new exit (range 9) 1126 | -10/Mines | Met a Derelict testing a Signal Generator 1140 | -10/Mines | Found Signal Generator 1316 | -10/Mines | Discovered new exit (range 12) 1437 | -10/Mines | Discovered new exit (range 11) 1493 | -10/Mines | Learned location of Zion (-7) 1725 | -10/Mines | Entered Subcaves 1761 | -10/Subcaves | Discovered new exit (range 5) 2439 | -10/Subcaves | Core integrity fell below 50% 2561 | -10/Subcaves | Lost 4 parts (1n1u2w) 2809 | -10/Subcaves | A swath of the cavern ceiling suddenly collapsed 3449 | -10/Subcaves | Build established: Scavenger-Mutant 3789 | -10/Subcaves | Build established: Mutant 4167 | -10/Subcaves | Discovered new exit (range 8) 4180 | -10/Subcaves | Core integrity fell below 20% 4248 | -10/Subcaves | Entered Recycling 4268 | -9/Recycling | Found Scrap Engine 4597 | -9/Recycling | Destroyed by P-60 Hacker with Shock Rifle Last Messages --------------- Acquired 10 matter. Acquired Imp. Treads. Acquired Shotgun. Dropped Grenade Launcher. Acquired 10 matter. R-06 Scavenger collects Grenade Launcher. Destroyed Com. Wheel. R-06 Scavenger destroyed. Acquired 12 matter. R-06 Scavenger collects Lgt. Ion Engine. R-06 Scavenger destroyed. Door malfunctions. Acquired 4 matter. R-06 Scavenger collects Lgt. Ion Engine. Acquired 4 matter. R-06 Scavenger sends out distress signal. R-06 Scavenger destroyed. Acquired 4 matter. P-60 Hacker resets R-06 Scavenger, system corruption cleaned. Map ----- +----------------------------------------------------+ | ??????????????????????????????????????????????# | | ??????????????????????????????????????????????# | | ??????????????????????????????????????????????# | | ??????????????????????????????????????????????# | | ????????????????????????????????????########### | | ????????????????????????????????????# !% # | | ????????????????????????????????????# # | | ????????????????????????????????????# # | | ????????????????????????????????????# ! + | | ????????????????????????????????????# # | | ????????????????????????????????????# ! # | | ????????????????????????????????????# ! %# | | ??????????????????????????????? ????# | # | | ??????????????????????????????? ?####+######## | | ??????????????????????????????? ?# #??????# | | ??????????????????????????????? ?# ##+######?# | | ??????????????????????###??????#+## ## #?# | | ?????????????????????? ?????? ## #?# | | ?????????????????????##p######## ## ! #?# | | ?????????????????????# # ## #?# | | ?????????????????????# # ## %= ! #?# | | ?????????????????????# u # ## ! #?# | | ?????????????????????# u # ## #?# | | ?????????????????????# !* # ## ] % #?# | | ?????????????????????#=%] # #######+###### | | ????????????????????##%* @ # ###### #???? | | ????????????????????#% + #???? | | ????????????????????###################### #???? | | ?????????????????????????????????????????#####???? | | ?????????????????????????????????????????????????? | | ?????????????????????????????????????????????????? | | ?????????????????????????????????????????????????? | | ?????????????????????????????????????????????????? | | | | | | | | | | | | | | | | | | | | | | | | | | | | | | | | | | | +----------------------------------------------------+ Best States ------------- Heat Dissipation 25 Energy Generation 15 Energy Capacity 265 Matter Stores 300 Matter Capacity 300 Sight Range 21 Terrain Scan Density 10 ECM Strength 1 Evasion (%) 50 Recoil Reduction 2 Item Schematics ----------------- None Robot Schematics ------------------ None Fabricated ------------ Nothing Alien Tech Used ----------------- None Achievements -------------- None Challenges ------------ None Game ------ Seed ThiefPlatingThrower Manual? 0 Play Time 00:22:47 Cumulative 22.2 hours Start 2024.04.18 @ 15:46:12 End 2024.04.18 @ 16:08:44 Sessions 1 Manual Loads 0 Difficulty Rogue Special Mode None Game No. 56 Rogue 54 Adventurer 2 Explorer 0 Win Type - Total 0 Types 0/0/0/0/0/0/0/0/0 Lore% 20 Gallery% 28 Achievement% 20 Wizard Run 0 Options --------- Layout 1 ASCII 0 Keyboard 0 Movement Mouse Keybinds 0 Fullscreen 1 Font 16/SmallcapsGlow Map View 27x19 Zoom Use 85% Tactical HUD 0 Map Filters NONE Filters NONE Steam 1 RUN: 7a507b0c-a2b8-47f8-a0c8-c1f51ba1993c